 Dungeon Crawl Stone Soup version 0.31-a0-836-g3ceb0a68c4 (webtiles) character file.

Game seed: 16820699593704935824

1433 croobank the Covert (level 8, -2/67 HPs)
             Began as a Gnoll Delver on Sept 26, 2023.
             Was an Initiate of Gozag.
             Slain by a killer bee (6 damage)
             ... on level 7 of the Dungeon.
             The game lasted 00:12:06 (5113 turns).

croobank the Covert (Gnoll Delver)                  Turns: 5113, Time: 00:12:06

Health: -2/67      AC:  5    Str: 11    XL:     8   Next: 73%
Magic:  13/13      EV: 14    Int: 11    God:    Gozag
Gold:   216        SH:  0    Dex: 15    Spells: 14/14 levels left

rFire   . . .        a - +7 trident of the Unspeakable One {drain, Fly Stlth+}
rCold   . . .        (no shield)
rNeg    . . .        b - +0 leather armour
rPois   .            j - +2 hat
rElec   .            (no cloak)
rCorr   .            (no gloves)
SInv    .            (no boots)
Will    .....        (no amulet)
Stlth   +++++        (no ring)
HPRegen 0.31/turn    (no ring)
MPRegen 0.13/turn

%: no passive effects
@: mighty, flying
A: fangs 1, strong nose, distributed training
a: Renounce Religion, Potion Petition, Call Merchant, Bribe Branch


You were on level 7 of the Dungeon.
You worshipped Gozag.
Gozag was aware of your devotion.
You visited 2 branches of the dungeon, and saw 8 of its levels.

You collected 326 gold pieces.
You paid 110 gold pieces to Gozag.

Inventory:

Hand Weapons
 a - the +7 trident of the Unspeakable One (weapon) {drain, Fly Stlth+}
   (You found it on level 6 of the Dungeon)

   Fly:       It grants you flight.
   Stlth+:    It makes you more stealthy.
 x - a +0 falchion
 A - a +0 morningstar
 J - a +3 short sword
Missiles
 p - 5 poisoned darts
 y - 6 javelins
 I - a curare-tipped dart
Armour
 b - a +0 leather armour (worn)
 j - a +2 hat (worn)
 D - a +1 ring mail
 E - an orb of light
Magical Staves
 w - a staff of cold
Jewellery
 q - an amulet of faith
 z - a ring of fire
 C - a ring of magical power
Talismans
 k - a blade talisman
Wands
 g - a wand of digging (3)
 m - a wand of acid (14)
 v - a wand of paralysis (4)
 B - a wand of flame (27)
 F - a wand of mindburst (15)
Scrolls
 c - 2 scrolls of fog
 d - a scroll of revelation
 e - a scroll of fear
 l - 3 scrolls of enchant armour
 o - a scroll of poison {unknown}
 s - 3 scrolls of amnesia
Potions
 f - a potion of haste
 h - a potion of attraction
 n - 2 potions of curing
 t - 2 potions of lignification
 u - a potion of cancellation
 G - a potion of brilliance
 H - a potion of might


   Skills:
 + Level 7.5 Fighting
 + Level 5.9 Short Blades
 + Level 3.6 Long Blades
 + Level 3.6 Axes
 + Level 3.6 Maces & Flails
 + Level 3.6 Polearms
 + Level 3.6 Staves
 + Level 3.6 Ranged Weapons
 + Level 3.6 Throwing
 + Level 3.6 Armour
 + Level 5.9 Dodging
 + Level 10.2 Stealth
 + Level 3.6 Shields
 + Level 3.6 Unarmed Combat
 + Level 3.6 Spellcasting
 + Level 2.9 Conjurations
 + Level 2.9 Hexes
 + Level 2.9 Summonings
 + Level 2.9 Necromancy
 + Level 2.9 Translocations
 + Level 2.9 Transmutations
 + Level 2.9 Fire Magic
 + Level 2.9 Ice Magic
 + Level 2.9 Air Magic
 + Level 2.9 Earth Magic
 + Level 2.9 Poison Magic
 + Level 4.0 Invocations
 + Level 3.6 Evocations
 + Level 3.2 Shapeshifting


You had 14 spell levels left.
You didn't know any spells.
Your spell library contained the following spells:

 Spells                   Type           Power      Damage    Failure   Level
 Shock                    Conj/Air       32%        1d5       10%         1
 Ignite Poison            Fire/Tmut/Pois 8%         N/A       28%         3
 Inner Flame              Hex/Fire       8%         N/A       28%         3
 Ozocubu's Armour         Ice            8%         N/A       28%         3
 Swiftness                Air            8%         N/A       28%         3
 Volatile Blastmotes      Fire/Tloc      16%        2d11      28%         3
 Airstrike                Air            4%         2d(1-17)  67%         4
 Cause Fear               Hex            4%         N/A       67%         4
 Flame Wave               Conj/Fire      8%         2d5       67%         4
 Fulminant Prism          Conj/Hex       4%         3d5       67%         4
 Iskenderun's Mystic Bla  Conj/Tloc      8%         2d4       67%         4
 Sticky Flame             Conj/Fire      8%         2d3       67%         4
 Summon Ice Beast         Ice/Summ       8%         N/A       67%         4
 Fireball                 Conj/Fire      4%         3d4       95%         5
 Dragon's Call            Summ           4%         N/A       100%        9
 Polar Vortex             Ice            4%         N/A       100%        9


Dungeon Overview and Level Annotations

Branches:
Dungeon (7/15)             Temple (1/1) D:7

Altars:
Ashenzari
Cheibriados
Dithmenos
Elyvilon
Gozag
Hepliaklqana
Kikubaaqudgha
Makhleb
Nemelex Xobeh
Okawaru
Qazlal
Ru
Trog
Uskayaw
Vehumet
Wu Jian
Xom
Yredelemnul
Zin
The Shining One


Innate Abilities, Weirdness & Mutations

You have very sharp teeth.
Your uncanny sense of smell can sniff out nearby items.
Your experience applies equally to all skills.


Message History

The killer bee is no longer distracted by gold.
The killer bee stings you!
* * * LOW HITPOINT WARNING * * *
The killer bee misses you. The killer bee stings you.
* * * LOW HITPOINT WARNING * * *
You are poisoned.
The killer bee poisons you! The killer bee stings you.
* * * LOW HITPOINT WARNING * * *
You feel better.
The killer bee stings you but does no damage.
The killer bee stings you.
* * * LOW HITPOINT WARNING * * *
You are lethally poisoned!
The killer bee poisons you! The killer bee misses you.
The killer bee stings you but does no damage.
Unknown command.
You feel better. The killer bee misses you. x2
The killer bee barely misses you. The killer bee stings you.
* * * LOW HITPOINT WARNING * * *
As you read the scroll of fear, it crumbles to dust.
You assume a fearsome visage.
The killer bee looks frightened! x4
The killer bee barely misses you.
The killer bee is distracted by your dazzling golden aura.
You closely miss the killer bee.
The killer bee is no longer distracted by gold.
The killer bee stings you!
* * * LOW HITPOINT WARNING * * *
You are poisoned.
The killer bee poisons you! The killer bee stings you.
* * * LOW HITPOINT WARNING * * *
You are more poisoned.
The killer bee poisons you!
You feel better. The killer bee barely misses you. The killer bee stings you!
* * * LOW HITPOINT WARNING * * *
The killer bee buzzes angrily.
You puncture the killer bee!
The killer bee is almost dead.
The killer bee closely misses you. The killer bee stings you.
You die...
Your body crumbles into a pile of gold.

......###.#
.......#..
......y#.##
..........#
..........#
#####...#.##
## #...##.$#
#. #..##
#.y## #.
...# ##@.#
##. ...#
#..# #.. ...
##.## ###..
.. #..#
###..#.
#..##
##..####
##..#
###..####.
#..####..###
#..
#...#..###
##..
##....##
#...


You could see a killer bee.

Vanquished Creatures
  Sigmund (D:2)
  An orc warrior (D:6)
  An ice beast (D:7)
  A sky beast (D:7)
  An ogre (D:5)
  A centaur (D:5)
  A kobold brigand (D:7)
  A bullfrog (D:7)
  A scorpion (D:5)
  A killer bee (D:7)
  A howler monkey (D:5)
  2 hounds (D:5)
  3 jellies (D:6)
  3 orc priests (D:6)
  3 iguanas (D:6)
  3 orc wizards (D:6)
  6 adders
  2 gnolls (D:7)
  A white imp (D:5)
  An ufetubus (D:5)
  2 dart slugs (D:3)
  12 orcs
  6 ball pythons
  5 bats
  6 endoplasms
  4 giant cockroaches
  A goblin (D:1)
  5 hobgoblins
  4 jackals (D:2)
  10 kobolds
  4 quokkas
  3 frilled lizards
  4 rats
101 creatures vanquished.

Vanquished Creatures (others)
  A human (D:3)
1 creature vanquished.

Grand Total: 102 creatures vanquished

Notes
Turn   | Place    | Note
-------+----------+-------------------------------------------
     0 | D:5      | Reached skill level 9 in Stealth
     0 | D:5      | croobank the Gnoll Delver began the quest for the Orb.
     0 | D:5      | Reached XP level 1. HP: 23/23 MP: 1/1
    11 | D:6      | Identified the +7 trident of the Unspeakable One {drain,
                  | Fly Stlth+}
    34 | D:6      | Noticed an iguana
    34 | D:6      | Noticed an orc priest
    66 | D:5      | Reached XP level 2. HP: 26/29 MP: 2/2
   176 | D:4      | Reached XP level 3. HP: 34/35 MP: 3/3
   290 | D:3      | Reached skill level 1 in Invocations
   324 | D:3      | Got a strange book
   335 | D:3      | Reached skill level 1 in Long Blades
   335 | D:3      | Reached skill level 1 in Axes
   335 | D:3      | Reached skill level 1 in Maces & Flails
   335 | D:3      | Reached skill level 1 in Polearms
   335 | D:3      | Reached skill level 1 in Staves
   335 | D:3      | Reached skill level 1 in Ranged Weapons
   335 | D:3      | Reached skill level 1 in Throwing
   335 | D:3      | Reached skill level 1 in Armour
   335 | D:3      | Reached skill level 1 in Shields
   335 | D:3      | Reached skill level 1 in Unarmed Combat
   335 | D:3      | Reached skill level 1 in Spellcasting
   335 | D:3      | Reached skill level 1 in Evocations
   371 | D:3      | Found a broken altar of Ashenzari.
   460 | D:3      | Reached XP level 4. HP: 35/41 MP: 5/5
   478 | D:3      | Reached skill level 1 in Shapeshifting
   787 | D:3      | Found an ancient bone altar of Kikubaaqudgha.
   788 | D:3      | Noticed a human
   791 | D:3      | Killed a human
  1176 | D:2      | Noticed Sigmund
  1186 | D:2      | Killed Sigmund
  1187 | D:2      | Reached skill level 1 in Conjurations
  1187 | D:2      | Reached skill level 1 in Hexes
  1187 | D:2      | Reached skill level 1 in Summonings
  1187 | D:2      | Reached skill level 1 in Necromancy
  1187 | D:2      | Reached skill level 1 in Translocations
  1187 | D:2      | Reached skill level 1 in Transmutations
  1187 | D:2      | Reached skill level 1 in Fire Magic
  1187 | D:2      | Reached skill level 1 in Ice Magic
  1187 | D:2      | Reached skill level 1 in Air Magic
  1187 | D:2      | Reached skill level 1 in Earth Magic
  1187 | D:2      | Reached skill level 1 in Poison Magic
  1187 | D:2      | Reached XP level 5. HP: 46/47 MP: 5/7
  1187 | D:2      | Reached XP level 6. HP: 52/53 MP: 5/8
  2826 | D:5      | Reached skill level 5 in Short Blades
  2826 | D:5      | Reached skill level 5 in Dodging
  2964 | D:5      | Reached XP level 7. HP: 53/59 MP: 10/10
  2969 | D:5      | Found a glowing silver altar of Zin.
  3416 | D:5      | Found a sparkling altar of Nemelex Xobeh.
  3674 | D:6      | Reached skill level 10 in Stealth
  4219 | D:6      | Reached XP level 8. HP: 42/67 MP: 12/12
  4526 | D:6      | Found a shadowy altar of Dithmenos.
  4537 | D:6      | Found a burning altar of Makhleb.
  5004 | D:7      | Found a staircase to the Ecumenical Temple.
  5015 | Temple   | Entered the Ecumenical Temple
  5021 | Temple   | Became a worshipper of Gozag Ym Sagoz the Greedy
  5111 | D:7      | HP: 3/67 [killer bee (6)]
  5113 | D:7      | Slain by a killer bee

Illustrated notes

Levels and vault maps discovered:
D:1:      sevenhm_arrival_forest_fort_small_4, layout_loops_ring, st_stairs_14,
          chequers_serial_rivers_small_a
D:2:      layout_basic, uniq_sigmund
D:3:      layout_rooms, tgw_kikubaaqudgha, evilmike_ruin_ashenzari,
          minmay_ruptured
D:4:      layout_cave_pools
D:5:      layout_cave_pods, nemelex_xobeh_ov_fountains_minmay,
          old_standard_altar
D:6:      layout_loops_ring, amethyst_overflow_temple_binary
D:7:      cheibrodos_statue_roulette, layout_cave_pods, temple_hall,
          sigmund_army
Temple:   eino_narrow_crystal_temple

Skill      XL: |  1  2  3  4  5  6  7  8 |
---------------+-------------------------+-----
Stealth        | 10 | 10.2
Invocations    | 1 2 3 4 |  4.0
Long Blades    | 1 2 3 |  3.6
Axes           | 1 2 3 |  3.6
Maces & Flails | 1 2 3 |  3.6
Polearms       | 1 2 3 |  3.6
Staves         | 1 2 3 |  3.6
Ranged Weapons | 1 2 3 |  3.6
Throwing       | 1 2 3 |  3.6
Armour         | 1 2 3 |  3.6
Shields        | 1 2 3 |  3.6
Unarmed Combat | 1 2 3 |  3.6
Spellcasting   | 1 2 3 |  3.6
Evocations     | 1 2 3 |  3.6
Shapeshifting  | 1 2 3 |  3.2
Conjurations   | 1 2 |  2.9
Hexes          | 1 2 |  2.9
Summonings     | 1 2 |  2.9
Necromancy     | 1 2 |  2.9
Translocations | 1 2 |  2.9
Transmutations | 1 2 |  2.9
Fire Magic     | 1 2 |  2.9
Ice Magic      | 1 2 |  2.9
Air Magic      | 1 2 |  2.9
Earth Magic    | 1 2 |  2.9
Poison Magic   | 1 2 |  2.9
Short Blades   | 5 |  5.9
Dodging        | 5 |  5.9
Fighting       | 7 |  7.5

Action                     |  1- 3 |  4- 6 |  7- 9 || total
---------------------------+-------+-------+-------++-------
  Melee: Trident           |    29 |    69 |   140 ||   238
         Bite              |       |       |     7 ||     7
         Punch             |       |       |     3 ||     3
  Evoke: Wand              |       |       |     1 ||     1
    Use: Scroll            |       |    12 |     3 ||    15
         Potion            |       |       |     6 ||     6
   Stab: Sleeping          |    10 |    14 |     5 ||    29
         Distracted        |       |     1 |     1 ||     2
 Armour: Leather armour    |     8 |    18 |   110 ||   136
  Dodge: Dodged            |     9 |    31 |    96 ||   136

Table legend: (Time is in decaauts)
 A = Elapsed time spent in this place.
 B = Non-inter-level travel time spent in this place.
 C = Inter-level travel time spent in this place.
 D = Time resting spent in this place.
 E = Time spent auto-exploring this place.
 F = Levels seen in this place.
 G = Mean time per level.
                   A        B        C        D        E       F      G
               +--------+--------+--------+--------+--------+-----+--------+
         Total |   5158 |   4820 |    338 |    803 |   2914 |   8 |  644.8 |
       Dungeon |   5145 |   4813 |    332 |    803 |   2914 |   7 |  735.0 |
        Temple |     12 |      6 |      6 |      0 |      0 |   1 |   12.0 |
               +--------+--------+--------+--------+--------+-----+--------+

Top non-repeatable levels by time:
     D:6: 1171 daAuts
     D:5: 1036 daAuts
     D:2: 756 daAuts
     D:1: 629 daAuts
     D:3: 619 daAuts
     D:4: 493 daAuts
     D:7: 437 daAuts
  Temple: 12 daAuts
